 Dungeon Crawl Stone Soup version 0.16-a0-1816-g2c93a98 (webtiles) character file.

1428 wvc the Basher (level 8, -16/46 HPs)
             Began as a Tengu Fighter on Nov 3, 2014.
             Demolished by an ogre
             ... wielding a +0 giant club
              (31 damage)
             ... on level 6 of the Dungeon.
             The game lasted 00:13:34 (6306 turns).

wvc the Basher (Tengu Fighter)                      Turns: 6306, Time: 00:13:34

Health: -16/46     AC:  5    Str: 18    XL:     8   Next: 72%
Magic:  13/13      EV:  8    Int:  9    God:
Gold:   297        SH: 10    Dex: 14    Spells: 1 memorised, 6 levels left

rFire  . . .     SeeInvis .     I - +2 war axe of Light {drain, rElec rPois Stlth+}
rCold  + . .     Clarity  .     w - +2 leather armour {rC+}
rNeg   . . .     SustAb   +     c - +1 shield
rPois  +         Gourm    .     (helmet restricted)
rElec  +         Spirit   .     (no cloak)
rCorr  .         Warding  .     (no gloves)
rMut   .         Stasis   .     (boots unavailable)
MR     +....                    g - amulet of rage
Stlth  ++........               F - ring of protection from magic
                                h - ring of sustain abilities

@: somewhat resistant to hostile enchantments, unstealthy
A: able to fly, beak, talons 3
a: Fly, Evoke Berserk Rage


You were on level 6 of the Dungeon.
You were hungry.

You visited 1 branch of the dungeon, and saw 6 of its levels.

You collected 297 gold pieces.

Inventory:

Hand weapons
 e - a +0 morningstar
 i - a +0 blowgun
 D - a +1 mace of holy wrath
 I - the +2 war axe of Light (weapon) {drain, rElec rPois Stlth+}
   (You found it on level 5 of the Dungeon)

   A truly terrible weapon, it drains the life of those it strikes.
   It insulates you from electricity.
   It protects you from poison.
   It makes you more stealthy.
Missiles
 b - 2 tomahawks (quivered)
 m - 26 poisoned needles
 p - 8 curare-tipped needles
 B - 3 needles of confusion
Armour
 c - a +1 shield (worn)
 w - a +2 leather armour of cold resistance (worn)
 x - a +4 scale mail
Jewellery
 g - an amulet of rage (around neck)
 h - a ring of sustain abilities (left hand)
 v - an uncursed ring of stealth
 F - a ring of protection from magic (right hand)
Magical devices
 q - a wand of heal wounds (7)
 y - a wand of confusion (32)
 A - a wand of frost (15)
 K - a wand of fire (10)
Scrolls
 a - 2 scrolls of identify
 s - 2 scrolls of remove curse
 C - a scroll of fog
 E - 2 scrolls of fear
 J - a scroll of enchant armour
 L - a scroll of teleportation
Potions
 f - a potion of curing
 j - a potion of magic
 k - 2 potions of flight
 l - a potion of mutation {unknown}
 n - a potion of degeneration {unknown}
 o - a potion of confusion {unknown}
 t - 2 potions of heal wounds {unknown}
 z - a potion of agility {unknown}
 G - a potion of decay {unknown}
Books
 u - a book of Necromancy

   Spells                             Type                      Level
   Pain                               Necromancy                   1
   *Animate Skeleton                  Necromancy                   1
   Vampiric Draining                  Necromancy                   3
   Regeneration                       Charms/Necromancy            3
   Animate Dead                       Necromancy                   4
   Control Undead                     Necromancy                   4
 H - a book of Annihilations {highlevel, unknown}

   This book is beyond your current level of understanding.

   Spells                             Type                      Level
   Poison Arrow                       Conjuration/Poison           6
   Chain Lightning                    Conjuration/Air              8
   Lehudib's Crystal Spear            Conjuration/Earth            8
   Glaciate                           Conjuration/Ice              9
   Fire Storm                         Conjuration/Fire             9
Comestibles
 d - 3 bread rations


   Skills:
 - Level 3.0 Fighting
 * Level 11.3 Maces & Flails
 - Level 3.2 Armour
 - Level 3.0 Shields
 + Level 1.6 Evocations


You had 6 spell levels left.
You knew the following spells:

 Your Spells              Type           Power        Failure   Level  Hunger
a - Animate Skeleton      Necr           N/A          99%         1    ##.....


Dungeon Overview and Level Annotations

Branches:
Dungeon (6/15)
 Temple: D:4-7

Altars:
Cheibriados
Fedhas
Makhleb
Zin

Shops:
D:5 *


Innate Abilities, Weirdness & Mutations

You can fly.
You have a beak for a mouth.
You have claws for feet.


Message History

m - 26 poisoned needles (gained 1)
There is an open door here.
You are feeling hungry.
Found 14 bolts of flame.
An ogre comes into view. It is wielding a giant club.
The ogre hits you with a giant club!!
Ouch! That really hurt!
You completely miss the ogre. You claw the ogre.
You peck the ogre, but do no damage.
The ogre is lightly wounded.
The ogre closely misses you.
You hit the ogre.
The ogre is moderately wounded.
You block the ogre's attack.
You slash the ogre! You claw the ogre, but do no damage.
Your peck misses the ogre.
The ogre is heavily wounded.
The ogre hits you with a giant club!!
Ouch! That really hurt!
You die...

#.##.#≈≈≈#≈#≈≈≈#.#.##.#.#
#.##.#≈≈≈≈≈≈≈≈≈#.#.##(#.#
#.##.#⌠≈≈###≈≈⌠#.#.##.#.##
#.##.#####.#####.#.##.#.##
#.##.............#.##.#.##
##.####.###########.##.....
##...###.# #.##.#.##
#..#..##.###########.#......
#.###.....O@.........#......
#..#..##.#############.#####
##...###.# ##### #.# #.# #.#
#.. ###


You could see an ogre.

Vanquished Creatures
  An ice beast (D:6)
  3 centaurs
  Sigmund (D:3)
  2 giant frogs (D:6)
  4 wights (D:6)
  A goliath beetle (D:6)
  A crimson imp (D:5)
  2 hounds
  A giant frog zombie (D:5)
  3 orc priests
  5 worker ants
  3 orc wizards (D:6)
  4 gnolls (D:3)
  9 adders
  2 orc skeletons
  A worm (D:2)
  2 oozes (D:3)
  15 orcs
  6 giant cockroaches
  20 hobgoblins
  13 jackals
  15 kobolds
  A quokka (D:2)
  10 bats
  2 giant geckos
  4 giant newts
  11 goblins
  A quokka zombie (D:5)
  8 rats
151 creatures vanquished.

Notes
Turn   | Place    | Note
--------------------------------------------------------------
     0 | D:1      | wvc, the Tengu Fighter, began the quest for the Orb.
     0 | D:1      | Reached XP level 1. HP: 14/14 MP: 1/1
   209 | D:1      | Reached XP level 2. HP: 12/19 MP: 3/3
  1217 | D:1      | Reached XP level 3. HP: 23/23 MP: 4/4
  1415 | D:2      | Reached skill level 4 in Maces & Flails
  1583 | D:2      | Reached XP level 4. HP: 18/28 MP: 5/5
  1993 | D:3      | Reached skill level 5 in Maces & Flails
  2582 | D:3      | Reached XP level 5. HP: 32/32 MP: 7/7
  2662 | D:3      | Noticed Sigmund
  2675 | D:3      | Killed Sigmund
  2675 | D:3      | Reached skill level 6 in Maces & Flails
  2725 | D:3      | Reached XP level 6. HP: 6/37 MP: 8/8
  2759 | D:4      | Reached skill level 7 in Maces & Flails
  3675 | D:4      | Reached skill level 8 in Maces & Flails
  3675 | D:4      | Reached XP level 7. HP: 41/41 MP: 9/9
  3742 | D:4      | Learned a level 1 spell: Animate Skeleton
  3803 | D:4      | Found a burning altar of Makhleb.
  4510 | D:5      | Entered Level 5 of the Dungeon
  4642 | D:5      | Found Zin's Purification Station.
  4643 | D:5      | Found a glowing silver altar of Zin.
  4670 | D:5      | Found a blossoming altar of Fedhas.
  4690 | D:5      | Got a steaming war axe
  4691 | D:5      | Identified the cursed +2 war axe of Light {drain, rElec rPois Stlth+} (You found it on level 5 of the Dungeon)
  4859 | D:5      | Reached skill level 9 in Maces & Flails
  5385 | D:6      | Reached skill level 1 in Evocations
  5594 | D:6      | Reached XP level 8. HP: 46/46 MP: 12/12
  5657 | D:6      | Reached skill level 10 in Maces & Flails
  6023 | D:6      | Reached skill level 11 in Maces & Flails
  6170 | D:6      | Found a snail-covered altar of Cheibriados.
  6306 | D:6      | Demolished by an ogre

Action                   |  1- 3 |  4- 6 |  7- 9 || total
-------------------------+-------+-------+-------++-------
Melee: Flail             |   116 |    75 |       ||   191
       Morningstar       |       |    74 |    55 ||   129
       War axe           |       |       |   101 ||   101
       Mace              |       |       |     9 ||     9
 Fire: Blowgun           |       |       |     3 ||     3
 Abil: Evoke Berserk Rag |     1 |     3 |     2 ||     6
Evoke: Wand              |       |     4 |       ||     4
  Use: Scroll            |     6 |     6 |     4 ||    16
       Potion            |       |     4 |       ||     4
 Stab: Invisible         |       |     3 |       ||     3
       Sleeping          |       |       |     1 ||     1
  Eat: Meat ration       |     1 |     1 |       ||     2
       Chunk             |       |     5 |     2 ||     7
       Fruit             |       |       |     5 ||     5
